 Dungeon Crawl Stone Soup version 0.24-a0-479-g9a978d2894 (webtiles) character file.

Game seed: 16645302514692874763

5189 Murumi the Thaumaturge (level 10, -1/53 HPs)
             Began as a Deep Elf Wizard on July 8, 2019.
             Was a Priest of Sif Muna.
             Slain by a troll (14 damage)
             ... on level 9 of the Dungeon.
             The game lasted 01:31:43 (15681 turns).

Murumi the Thaumaturge (Deep Elf Wizard)           Turns: 15681, Time: 01:31:45

Health: -1/53      AC:  9    Str:  4    XL:     10   Next: 34%
Magic:  0/24       EV: 15    Int: 27    God:    Sif Muna [***...]
Gold:   514        SH:  0    Dex: 13    Spells: 12/25 levels left

rFire    + . .     SeeInvis .   l - staff of death
rCold    . . .     Gourm    .   (no shield)
rNeg     + . .     Faith    .   B - +1 robe {Archmagi}
rPois    +         Spirit   .   b - +1 hat
rElec    .         Reflect  .   m - +2 cloak {rPois}
rCorr    .         Harm     .   h - +0 pair of gloves
MR       +....                  x - +0 pair of boots
Stlth    ++........             (no amulet)
HPRegen  0.17/turn              u - ring of wizardry
MPRegen  0.19/turn              o - ring of protection from fire

@: studying Short Blades
A: no striking features
a: Channel Magic, Forget Spell, Renounce Religion


You were on level 9 of the Dungeon.
You worshipped Sif Muna.
Sif Muna was most pleased with you.
You were not hungry.

You visited 1 branch of the dungeon, and saw 9 of its levels.
You also visited: Sewer.

You collected 514 gold pieces.

Inventory:

Armour
 b - a +1 hat (worn)
 h - a +0 pair of gloves (worn)
 m - a +2 cloak of poison resistance (worn)
 x - a +0 pair of boots (worn)
 B - a +1 robe of the Archmagi (worn)
Magical Staves
 l - an uncursed staff of death (weapon)
Jewellery
 c - an uncursed ring of protection from cold
 o - a ring of protection from fire (right hand)
 u - a ring of wizardry (left hand)
Wands
 e - a wand of random effects (8)
 i - a wand of iceblast (5)
 n - a wand of disintegration (14)
 y - a wand of polymorph (6)
Scrolls
 f - 3 scrolls of remove curse
 j - 2 scrolls of teleportation
 r - a scroll of immolation
 s - a scroll of magic mapping
 t - a scroll of fear
 w - a scroll of amnesia
 z - 2 scrolls of brand weapon
Potions
 g - 3 potions of heal wounds
 k - 8 potions of curing
 p - 2 potions of flight
 q - 2 potions of brilliance
Books
 A - a manual of Short Blades
Comestibles
 d - 12 rations


   Skills:
 - Level 2.0 Fighting
 - Level 2.0 Staves
 - Level 1.3 Armour
 - Level 6.0 Dodging
 - Level 2.4 Stealth
 - Level 8.2 Spellcasting
 - Level 6.0 Conjurations
 - Level 8.1 Hexes
 + Level 4.9 Summonings
 - Level 4.1 Translocations
 - Level 4.3 Fire Magic
 - Level 4.1 Air Magic
 - Level 4.0 Poison Magic
 - Level 3.1 Invocations
 - Level 2.0 Evocations


You had 12 spell levels left.
You knew the following spells:

 Your Spells              Type           Power        Failure   Level  Hunger
a - Magic Dart            Conj           ####         1%          1    None
b - Blink                 Tloc           N/A          1%          2    None
c - Call Imp              Summ           ######..     1%          2    None
d - Slow                  Hex            ######..     1%          2    None
e - Conjure Flame         Conj/Fire      ######..     1%          3    None
f - Mephitic Cloud        Conj/Pois/Air  ######..     1%          3    None

Your spell library contained the following spells:

 Spells                   Type           Power        Failure   Level  Hunger


Dungeon Overview and Level Annotations

Branches:
Dungeon (9/15)             Temple (0/1) D:5
   Lair: D:8-11         Orc: D:9-12

Altars:
Fedhas
Hepliaklqana
Qazlal
Ru
Sif Muna
The Shining One

Shops:
D:7 [


Message History

Aiming: Magic Dart (safe; 1% risk of failure)
Press: ? - help, Shift-Dir - straight line, f/p - troll
Aim: a troll (almost dead)
You feel a surge of power!
The magic dart hits the troll.
The troll is almost dead.
The troll barely misses you. The troll claws you!
* * * LOW HITPOINT WARNING * * *
The troll barely misses you.
Your crimson imp hits the troll but does no damage.
Things that are here:
a +1 flail of draining; a gnoll corpse Your crimson imp blinks!
Casting: Magic Dart (safe; 1% risk of failure)
Confirm with . or Enter, or press ? or * to list all spells.
You feel a surge of power!
A beastly little devil appears in a puff of flame.
The troll barely misses you. The troll claws you.
* * * LOW HITPOINT WARNING * * *
The troll claws you!
You die...

#..........# ..##
#.....####.# #
#.....#..### #
#....ยง'....# #
#.5(.)#....# #
#.....#....# #
#.....# ...# #
#.5T..# ...# #
#..@..# .... #
######.....# ....
#### ...........#
#... ...........#
#... ........####
#..> ........# #...
........###########
#...
..................#
#...
..................#
#...


You could see a troll and 2 friendly crimson imps.

Vanquished Creatures
  Erolcha (D:9)
  Sigmund (D:5)
  A hungry ghost (D:6)
  Duvessa (D:5)
  An orc warrior (D:6)
  A sky beast (D:8)
  6 ogres
  3 ice beasts
  A phantom (D:4)
  2 centaurs (D:6)
  A big kobold (Sewer)
  Blork the orc (D:5)
  A gnoll sergeant (D:9)
  3 bullfrogs (D:6)
  A wyvern zombie (D:7)
  2 killer bees (D:8)
  Dowan (D:5)
  3 wights (D:7)
  2 howler monkeys (D:6)
  A crimson imp (D:8)
  6 hounds
  5 orc wizards
  3 orc priests (D:6)
  Crazy Yiuf (D:3)
  Jessica (D:2)
  A bullfrog skeleton (D:7)
  3 iguanas (D:5)
  7 worker ants
  A hound zombie (D:6)
  A hound skeleton (D:9)
  A worker ant zombie (D:9)
  10 adders
  9 gnolls
  A shadow imp (D:5)
  3 oozes
  An adder skeleton (D:4)
  2 worms
  8 leopard geckos
  26 orcs
  3 ball pythons
  11 giant cockroaches
  7 goblins
  5 hobgoblins
  2 jackals (D:6)
  16 kobolds
  3 quokkas (D:6)
  5 bats (D:1)
  6 frilled lizards
  A quokka skeleton (D:5)
  6 rats
189 creatures vanquished.

Vanquished Creatures (collateral kills)
  A hydra (D:8)
  Erica (D:8)
  A hippogriff (D:7)
  An ogre (D:8)
  A centaur (D:9)
  7 big kobolds
  2 bullfrogs (D:9)
  A scorpion (D:9)
  A killer bee (D:8)
  3 wights
  2 howler monkeys
  2 hounds (D:5)
  2 jellies
  An orc wizard (D:6)
  A worker ant (D:9)
  6 gnolls
  3 adders
  A worm (D:2)
  A leopard gecko (D:6)
  3 orcs
  10 kobolds
  A bat (D:6)
52 creatures vanquished.

Vanquished Creatures (others)
  A killer bee (D:8)
  A bush (D:9)
2 creatures vanquished.

Grand Total: 243 creatures vanquished

Notes
Turn   | Place    | Note
-------+----------+-------------------------------------------
     0 | D:1      | Murumi the Deep Elf Wizard began the quest for the Orb.
     0 | D:1      | Reached XP level 1. HP: 10/10 MP: 7/7
   158 | D:1      | Reached skill level 5 in Spellcasting
   158 | D:1      | Reached XP level 2. HP: 15/15 MP: 5/10
   956 | D:1      | Found a deep blue altar of Sif Muna.
   960 | D:1      | Learned a level 2 spell: Blink
  1916 | D:2      | Learned a level 2 spell: Call Imp
  1919 | D:2      | Learned a level 2 spell: Slow
  1939 | D:2      | Reached XP level 3. HP: 19/19 MP: 7/11
  1957 | D:2      | Reached skill level 1 in Hexes
  1967 | D:2      | Noticed Jessica
  2123 | D:2      | Killed Jessica
  2123 | D:2      | Reached XP level 4. HP: 6/24 MP: 2/13
  2559 | D:2      | Found a stormy altar of Qazlal.
  2754 | D:2      | Reached skill level 1 in Evocations
  3202 | D:1      | Became a worshipper of Sif Muna the Loreminder
  3570 | D:3      | Reached XP level 5. HP: 5/28 MP: 1/14
  3847 | D:3      | Found a runed translucent door.
  3848 | D:3      | Noticed Crazy Yiuf
  3883 | D:3      | Killed Crazy Yiuf
  3883 | D:3      | Reached skill level 1 in Invocations
  4083 | D:4      | Noticed a phantom
  4107 | D:4      | Killed a phantom
  4175 | D:4      | Reached skill level 1 in Staves
  4175 | D:4      | Reached XP level 6. HP: 28/32 MP: 4/15
  4360 | D:4      | Found a glowing drain.
  4375 | Sewer    | Entered a sewer
  4721 | Sewer    | Reached * piety under Sif Muna
  4846 | Sewer    | Reached XP level 7. HP: 36/36 MP: 9/16
  4907 | Sewer    | Learned a level 3 spell: Conjure Flame
  4911 | Sewer    | Learned a level 3 spell: Mephitic Cloud
  5127 | D:4      | Reached skill level 1 in Fire Magic
  5213 | D:4      | Reached skill level 1 in Poison Magic
  5465 | D:4      | Found a hazy altar of Hepliaklqana.
  6240 | D:5      | Entered Level 5 of the Dungeon
  6352 | D:5      | Noticed Dowan
  6369 | D:5      | Found a staircase to the Ecumenical Temple.
  6633 | D:5      | Killed Dowan
  6635 | D:5      | Noticed Sigmund
  7092 | D:5      | Killed Sigmund
  7092 | D:5      | Reached XP level 8. HP: 40/41 MP: 0/17
  7377 | D:5      | Reached skill level 1 in Fighting
  7759 | D:5      | Reached skill level 1 in Armour
  7943 | D:5      | Noticed Duvessa
  7961 | D:5      | HP: 1/44 [Duvessa/+0 short sword (11)]
  7991 | D:5      | HP: 1/44 [Duvessa/stone (7)]
  8333 | D:5      | Killed Duvessa
  8333 | D:5      | Reached skill level 5 in Hexes
  8591 | D:5      | Noticed Blork the orc
  8613 | D:5      | Killed Blork the orc
  8920 | D:5      | Reached ** piety under Sif Muna
 10290 | D:6      | Reached XP level 9. HP: 48/48 MP: 12/18
 11656 | D:7      | Found Kicsaumo's Armour Shop.
 12177 | D:8      | Reached *** piety under Sif Muna
 12177 | D:8      | Reached skill level 5 in Dodging
 12547 | D:8      | Noticed a five-headed hydra
 12959 | D:8      | Killed a five-headed hydra
 13294 | D:8      | Noticed Erica
 13366 | D:8      | HP: 2/48 [something/bolt of poison (8)]
 13564 | D:8      | Killed Erica
 13564 | D:8      | Reached skill level 5 in Conjurations
 13564 | D:8      | Reached XP level 10. HP: 18/53 MP: 0/24
 13870 | D:8      | Found a glowing golden altar of the Shining One.
 14198 | D:9      | Found a blossoming altar of Fedhas.
 14240 | D:9      | Noticed Erolcha
 14250 | D:9      | Found a sacrificial altar of Ru.
 14898 | D:9      | Killed Erolcha
 15681 | D:9      | Slain by a troll

Levels and vault maps discovered:
D:1:      dpeg_arrival_water_altar, layout_basic
D:2:      layout_basic, nicolae_qazlal_general_emergency, uniq_jessica
D:3:      layout_loops_ring, minmay_close_crescents, uniq_crazy_yiuf_cottage
D:4:      layout_loops_corners, overflow_temple_1_default, portal_sewer_entry_f,
          st_stairs_1
D:5:      layout_loops_ring, minmay_temple_entry_overgrown, first_ration,
          serial_bayou_crossing, uniq_duvessa, uniq_blork_the_orc, uniq_sigmund
D:6:      layout_rooms
D:7:      layout_rooms, serial_shops, nicolae_shop_trees
D:8:      layout_rooms, nicolae_tso_swordbearing_angel, uniq_erica
D:9:      layout_irregular_city, fedhas_bush_and_centaur_altar,
          nicolae_gozag_seed_capital, ashenzari_conservatory_becter,
          nicolae_overflow_hidden_temple, uniq_erolcha

Skill      XL: |  1  2  3  4  5  6  7  8  9 10 |
---------------+-------------------------------+-----
Spellcasting   | 5 8 |  8.2
Dodging        | 3 4 6 |  6.0
Conjurations   | 2 3 4 5 6 |  6.0
Hexes          | 2 3 4 5 6 8 |  8.1
Evocations     | 1 2 |  2.0
Summonings     | 2 3 4 |  4.9
Translocations | 2 3 4 |  4.1
Invocations    | 3 |  3.1
Staves         | 1 2 |  2.0
Fire Magic     | 3 4 |  4.3
Poison Magic   | 3 4 |  4.0
Air Magic      | 2 3 4 |  4.1
Fighting       | 2 |  2.0
Armour         | 1 |  1.3
Stealth        | |  2.4

Action                   |  1- 3 |  4- 6 |  7- 9 | 10-12 || total
-------------------------+-------+-------+-------+-------++-------
Melee: Unarmed           |     2 |       |       |       ||     2
       Staff             |       |    45 |   112 |    24 ||   181
 Cast: Magic Dart        |    76 |   138 |   432 |   116 ||   762
       Blink             |    21 |     5 |    12 |     1 ||    39
       Call Imp          |     2 |    20 |   104 |    49 ||   175
       Mephitic Cloud    |       |       |    44 |     8 ||    52
       Conjure Flame     |       |       |    11 |       ||    11
       Slow              |       |       |    47 |     2 ||    49
Evoke: Wand              |       |       |     5 |       ||     5
  Use: Scroll            |     4 |     9 |     6 |     2 ||    21
       Potion            |       |     3 |     3 |       ||     6
 Stab: Distracted        |       |     1 |     1 |       ||     2
       Confused          |       |       |    11 |     6 ||    17
  Eat: Chunk             |     4 |     8 |    21 |     3 ||    36
       Ration            |       |       |     2 |     1 ||     3
Armor: Robe              |     4 |    37 |    78 |    13 ||   132
Dodge: Dodged            |    10 |    54 |   266 |    51 ||   381

Table legend:
 A = Non-vault XP
 B = Vault XP
 C = Vault XP percentage of total XP
 D = Non-vault monster count
 E = Vault monster count
 F = Vault count percentage of total count
                 A         B        C        D         E       F
            +---------+---------+-------+---------+---------+-------
      Total |    5466 |    1947 |  26.3 |     198 |      44 |  18.2
            +---------+---------+-------+---------+---------+-------
        D:1 |      31 |       0 |   0.0 |      18 |       0 |   0.0
        D:2 |      74 |      37 |  33.3 |      17 |       1 |   5.6
        D:3 |      57 |      43 |  43.0 |      13 |       5 |  27.8
        D:4 |     581 |      57 |   8.9 |      27 |       7 |  20.6
        D:5 |     669 |     378 |  36.1 |      25 |       4 |  13.8
        D:6 |    1142 |       0 |   0.0 |      37 |       0 |   0.0
        D:7 |     776 |       0 |   0.0 |      18 |       0 |   0.0
        D:8 |    1415 |     485 |  25.5 |      20 |       1 |   4.8
        D:9 |     721 |     583 |  44.7 |      23 |       2 |   8.0
      Sewer |       0 |     364 | 100.0 |       0 |      24 | 100.0
            +---------+---------+-------+---------+---------+-------
